 Dungeon Crawl Stone Soup version 0.29.1-4-g47bece8355 (webtiles) character file.

Game seed: 2065286538945341791

44 Mune the Shield-Bearer (level 3, -1/33 HPs)
             Began as a Minotaur Fighter on Dec 4, 2022.
             Slain by a gnoll
             ... wielding a +0 flail
              (9 damage)
             ... on level 2 of the Dungeon.
             The game lasted 00:03:27 (1278 turns).

Mune the Shield-Bearer (Minotaur Fighter)           Turns: 1278, Time: 00:03:28

Health: -1/33      AC:  9    Str: 22    XL:     3   Next: 41%
Magic:  2/2        EV:  9    Int:  5    God:
Gold:   44         SH:  4    Dex:  9    Spells: 1/2 levels left

rFire   . . .      SeeInvis .   a - +0 rapier
rCold   . . .      Faith    .   c - +0 buckler
rNeg    . . .      Spirit   .   b - +0 scale mail
rPois   .          Reflect  .   (helmet restricted)
rElec   .          Harm     .   k - +0 cloak
rCorr   .          Rampage  .   f - +0 pair of gloves
Will    .....                   (no boots)
Stlth   ..........              (no amulet)
HPRegen 0.11/turn               (no ring)
MPRegen 0.08/turn               (no ring)

@: mighty
A: horns 2, retaliatory headbutt
a: no special abilities


You were on level 2 of the Dungeon.
You visited 1 branch of the dungeon, and saw 2 of its levels.

You collected 44 gold pieces.

Inventory:

Hand Weapons
 a - a +0 rapier (weapon)
Armour
 b - a +0 scale mail (worn)
 c - a +0 buckler (worn)
 f - a +0 pair of gloves (worn)
 h - a scarf of harm
 j - a +0 pair of gloves
 k - a +0 cloak (worn)
Scrolls
 e - a scroll of teleportation {unknown}
 i - a scroll of poison {unknown}
 l - a scroll of immolation {unknown}
 m - a scroll of butterflies {unknown}
Potions
 g - a potion of magic {unknown}


   Skills:
 + Level 4.1 Fighting
 + Level 2.8 Short Blades
 + Level 4.0 Armour
 + Level 0.6 Dodging
 + Level 4.2 Shields


You had one spell level left.
You knew the following spells:

 Your Spells              Type           Power      Damage    Failure   Level
a - Summon Small Mammal   Summ           0%         N/A       87%         1

Your spell library contained the following spells:

 Spells                   Type           Power      Damage    Failure   Level
 Apportation              Tloc           0%         N/A       87%         1
 Necrotise                Necr           0%         1d4       87%         1


Dungeon Overview and Level Annotations

Branches:
Dungeon (2/15)

Altars:


Innate Abilities, Weirdness & Mutations

You have a pair of horns on your head.
You reflexively headbutt those who attack you in melee.


Message History

The gnoll closely misses you.
You barely miss the gnoll. You block the gnoll's attack. x2
The gnoll closely misses you.
You hit the gnoll. Your headbutt misses the gnoll.
The gnoll is lightly wounded.
The gnoll hits you with a +0 halberd! You block the gnoll's attack.
The gnoll barely misses you. You furiously retaliate!
You headbutt the gnoll. You closely miss the gnoll.
The gnoll is lightly wounded.
The gnoll hits you but does no damage. The gnoll hits you with a +0 spear.
The gnoll barely misses you.
You closely miss the gnoll.
The gnoll is lightly wounded.
The gnoll hits you but does no damage. The gnoll barely misses you. x2
You furiously retaliate!
You headbutt the gnoll! You closely miss the gnoll.
Your headbutt misses the gnoll.
The gnoll is lightly wounded.
You block the gnoll's attack. The gnoll barely misses you.
The gnoll closely misses you.
You hit the gnoll.
The gnoll is moderately wounded.
The gnoll hits you with a +0 halberd. The gnoll hits you with a +0 flail.
You block the gnoll's attack. The gnoll hits you but does no damage.
You block the gnoll's attack. The gnoll hits you with a +0 spear.
You hit the gnoll.
The gnoll is heavily wounded.
The gnoll misses you. The gnoll hits you but does no damage.
You block the gnoll's attack.
You barely miss the gnoll.
The gnoll is heavily wounded.
The gnoll barely misses you. The gnoll closely misses you.
The gnoll hits you with a +0 flail.
* * * LOW HITPOINT WARNING * * *
You feel very mighty all of a sudden. The gnoll barely misses you.
The gnoll closely misses you. You furiously retaliate!
You headbutt the gnoll! The gnoll closely misses you.
You puncture the gnoll!
You kill the gnoll!
The gnoll hits you with a +0 flail!
You die...

####### ...# #.. ...#
#..####### ...# ........#
#### #......# .#).....# .
#.#......### ...
########.#.##..gg.##.....
.......#.#.....)@........
....##.#.###.#####.......
.##.##.#.....#### ..#####
.##.#.....###...# ....
.##.#.....###...# #.##.
.#..............+ .# #
.####......##...# .#
...........##...# ..
####.......##...#


You could see 2 gnolls.

Vanquished Creatures
  A gnoll (D:2)
  2 dart slugs (D:1)
  7 ball pythons (D:1)
  4 bats (D:1)
  5 endoplasms
  2 giant cockroaches (D:1)
  2 goblins (D:1)
  2 hobgoblins (D:1)
  2 jackals (D:1)
  2 quokkas (D:1)
  A frilled lizard (D:2)
  3 kobolds (D:1)
  2 rats (D:1)
35 creatures vanquished.

Notes
Turn   | Place    | Note
-------+----------+-------------------------------------------
     0 | D:1      | Mune the Minotaur Fighter began the quest for the Orb.
     0 | D:1      | Reached XP level 1. HP: 19/19 MP: 0/0
   118 | D:1      | Reached XP level 2. HP: 27/27 MP: 1/1
   619 | D:1      | Reached XP level 3. HP: 33/33 MP: 2/2
  1145 | D:1      | Learned a level 1 spell: Summon Small Mammal
  1278 | D:2      | Slain by a gnoll

Illustrated notes

Levels and vault maps discovered:
D:1:      dpeg_arrival_rooms_a, layout_loops_ring
D:2:      layout_basic, hellmonk_ecumenical_altar_crossroads,
          grunt_ministairs_9, minmay_crystal_water, uniq_natasha, uniq_robin

Skill      XL: |  1  2  3 |
---------------+----------+-----
Fighting       | 4 |  4.1
Shields        | 4 |  4.2
Armour         | 4 |  4.0
Short Blades   | |  2.8
Dodging        | |  0.6

Action                   || total
-------------------------++-------
Melee: Rapier            ||   101
       Headbutt          ||     9
  Use: Potion            ||     1
Armor: Scale mail        ||    65
Dodge: Dodged            ||    79
Block: Buckler           ||    40
